 Dungeon Crawl Stone Soup version 0.18-a0-1577-gf591c28 (webtiles) character file.

25035 M4edhros the Blocker (level 13, 0/51 HPs)
             Began as an Octopode Artificer on Mar 20, 2016.
             Slain by a komodo dragon (25 damage)
             ... on level 1 of the Lair of Beasts on Mar 21, 2016.
             The game lasted 01:37:05 (83199 turns).

M4edhros the Blocker (Octopode Artificer)          Turns: 83199, Time: 01:37:05

Health: 0/51       AC:  5    Str: 14    XL:     13   Next: 17%
Magic:  20/20      EV: 22    Int: 19    God:    Xom [*.....]
Gold:   236        SH:  8    Dex: 16    Spells: 3 memorised, 3 levels left

rFire  + + .     SeeInvis +     h - +4 greatsling (flame)
rCold  . . .     Gourm    .     J - +1 buckler {rF+}
rNeg   + . .     Faith    .     s - amulet of regeneration
rPois  .         Spirit   .     m - +2 ring of protection
rElec  .         Dismiss  .     z - +2 ring of evasion
rCorr  .         Reflect  .     y - ring of stealth
SustAt .         Harm     .     (no ring)
MR     .....                    a - +4 ring of strength
Stlth  +++++++++.               c - ring of wizardry
                                u - +3 ring of intelligence
                                l - ring of positive energy

@: drained, not resistant to hostile enchantments, incredibly stealthy
A: almost no armour, amphibious, 8 rings, constrict 8, antennae 3, camouflage 2,
blink, fire resistance 1, frail 3, high mp 1, shaggy fur 2, gelatinous body 1
a: Blink, Renounce Religion


You were on level 1 of the Lair of Beasts.
You worshipped Xom.
You were a special plaything of Xom.
You were not hungry.

You visited 3 branches of the dungeon, and saw 15 of its levels.
You also visited: Ossuary and Ice Cave.

You collected 1057 gold pieces.
You spent 821 gold pieces at shops.

Inventory:

Hand Weapons
 h - a +4 greatsling of flaming (weapon)
 x - a +3 trident
 X - a +0 blowgun
Missiles
 p - 64 sling bullets (quivered)
 t - 15 steel sling bullets
 v - 236 stones
 U - 8 steel javelins
 W - 7 curare-tipped needles
Armour
 J - a +1 buckler of fire resistance (worn)
Rods
 N - a +5 rod of clouds (14/14)
   (Xom gifted it to you in the Ecumenical Temple)
Jewellery
 a - a +4 ring of strength (on tentacle)
 c - a ring of wizardry (on tentacle)
 d - an uncursed amulet of faith
 l - a ring of positive energy (on tentacle)
 m - a +2 ring of protection (left tentacle)
 o - an uncursed amulet of guardian spirit
 s - an amulet of regeneration (around mantle)
 u - a +3 ring of intelligence (on tentacle)
 y - a ring of stealth (on tentacle)
 z - a +2 ring of evasion (right tentacle)
 I - an uncursed ring of ice
Wands
 e - a wand of paralysis (10/24)
 i - a wand of confusion (12/48)
 q - a wand of iceblast (3/15)
 w - a wand of heal wounds (5/9)
 A - a wand of lightning (6/15)
 B - a wand of teleportation (5/9)
 C - a wand of acid (7/15)
 H - a wand of lightning (9/15)
 K - a wand of digging (12/24)
 M - a wand of disintegration (12/24)
 V - a wand of lightning (10/15)
Scrolls
 j - a scroll of fog
 r - 3 scrolls of blinking
 E - 5 scrolls of fear
 G - 2 scrolls of holy word {unknown}
 R - 2 scrolls of magic mapping
 S - a scroll of teleportation
Potions
 b - a potion of heal wounds
 k - a potion of ambrosia
 L - a potion of might
 Q - 3 potions of flight
 Y - a potion of lignification
Miscellaneous
 g - a sack of spiders
 F - a box of beasts {used: 1}
 O - a stone of tremors (inert)
 P - a legendary deck of summoning {the Illusion}
 Z - a lantern of shadows
Comestibles
 n - 4 fruits
 D - a bread ration
 T - a meat ration


   Skills:
 - Level 1.6(1.2) Fighting
   Level 1.0(0.6) Short Blades
 + Level 9.6(9.1) Slings
 + Level 11.4(11.0) Dodging
 - Level 11.5(11.0) Stealth
 + Level 12.3(11.9) Shields
 * Level 7.5(7.1) Evocations


You had 3 spell levels left.
You knew the following spells:

 Your Spells              Type           Power        Failure   Level  Hunger
a - Blink                 Tloc           N/A          12%         2    ###....
b - Portal Projectile     Tloc           #.....       32%         3    ####...
c - Passage of Golubria   Tloc           N/A          86%         4    #####..


Dungeon Overview and Level Annotations

Branches:
Dungeon (13/15)            Temple (1/1) D:7            Lair (1/8) D:11
    Orc (0/2) D:12
 Vaults: D:13-14

Altars:
Ashenzari
Cheibriados
Dithmenos
Elyvilon
Fedhas
Gozag
Kikubaaqudgha
Makhleb
Nemelex Xobeh
Okawaru
Pakellas
Qazlal
Ru
Sif Muna
Trog
Vehumet
Xom
Yredelemnul
Zin
The Shining One

Shops:
D:11 }   D:12 *!   D:13 }


Innate Abilities, Weirdness & Mutations

You cannot wear most types of armour.
You are amphibious.
You can wear up to eight rings at the same time.
You can use your tentacles to constrict eight enemies at once.
Your skin blends seamlessly with your surroundings (Stealth).
Your rubbery body absorbs attacks (AC +1).
You have a pair of large antennae on your head (SInv).
You can translocate small distances at will.
Your flesh is heat resistant.
You are extremely frail (-30% HP).
You have an increased reservoir of magic (+10% MP).
You are covered in thick fur (AC +2).


Message History

The blink frog blinks!
You see here a stone.
You block the blink frog's attack.
The blink frog blinks!
You see here a stone.
The blink frog blinks!
You block the blink frog's attack.
Firing (i - inventory. (,) - cycle):
p - 65 sling bullets (quivered)
Press: ? - help, Shift-Dir - straight line, f/p - komodo dragon
Aim: a komodo dragon (heavily wounded)
You shoot a sling bullet. The sling bullet hits the blink frog!
The sling bullet burns the blink frog.
You kill the blink frog!
The blink frog blinks!
The hound pauses to sniff the ground.
You block the hound's attack.
A river rat comes into view.
You block the hound's attack. The komodo dragon bites you!!
You die...

..#.....##.....#.#......+.## #..#
..#..8..##.......#......#..# #..#
.......(#..8...#.#........## #..#
..#.....(.....#..#......#.# #..#
.....8........#..#......#.# #..#
............##...#......#.####..#
..8..8..8..##....PPr##.##........
#.........##....................#
##...8....#....l@................
##......###....h................#
#.##..### #./...................#
..#..(.##
#...รท............##....
..#....(###...##.#######...###..#
.(.8(>.8......#### #P...# ##.#
.(#.(..(......# #.P..# #..#
.(##.8(##.....# ##...# ##.#
(....#####....# #...## #.#


You could see a komodo dragon, a hound and a river rat (wandering).

Vanquished Creatures
  A frost giant (IceCv)
  2 hydras
  A death yak (IceCv)
  An unseen horror (D:11)
  A hill giant (D:11)
  A deep elf mage (D:12)
  An ugly thing (D:11)
  A manticore (D:13)
  A cyclops (D:11)
  Psyche (D:11)
  A gargoyle (D:12)
  2 komodo dragons
  2 spiny frogs (Lair:1)
  9 polar bears (IceCv)
  A troll (D:12)
  A tengu conjurer (D:13)
  2 blink frogs (Lair:1)
  A wraith (Ossuary)
  A centaur simulacrum (D:13)
  A basilisk (Lair:1)
  A spriggan (D:7)
  A wyvern (D:9)
  29 yaks
  Grum (Lair:1)
  2 hippogriffs
  5 black bears
  3 hungry ghosts (D:12)
  A water moccasin (Lair:1)
  A porcupine (Lair:1)
  A swamp drake (D:12)
  A wasp (D:8)
  An ice beast (D:13)
  4 sky beasts
  2 orc warriors
  11 ogres
  2 centaurs
  3 phantoms
  12 wolves
  2 crocodiles
  3 big kobolds
  14 giant frogs
  A wyvern skeleton (D:12)
  5 scorpions
  11 killer bees
  A water moccasin skeleton (D:8)
  10 wights
  2 vampire bats (D:2)
  7 howler monkeys
  5 crimson imps
  7 jellies
  2 giant frog zombies
  4 hounds
  2 centaur skeletons
  4 orc priests
  2 gnoll shamans (D:3)
  3 giant frog skeletons
  3 iguanas
  11 worker ants
  9 orc wizards
  A hound zombie (D:10)
  A hound skeleton (D:5)
  A mummy (Ossuary)
  A worker ant zombie (D:8)
  14 gnolls
  17 adders
  5 river rats (Lair:1)
  4 shadow imps
  An ufetubus (D:8)
  An adder zombie (D:7)
  4 adder skeletons
  A worm (D:6)
  2 dart slugs (D:1)
  12 giant geckos
  42 orcs
  3 ball pythons
  3 bat skeletons (D:2)
  2 bat zombies (D:2)
  4 giant cockroaches
  11 goblins
  4 hobgoblins
  10 jackals
  6 quokkas
  17 bats
  A giant gecko skeleton (D:4)
  11 giant newts
  6 gnoll skeletons (Ossuary)
  13 kobolds
  6 kobold skeletons (Ossuary)
  12 orc skeletons (Ossuary)
  13 rats
  A spectral orc (D:4)
451 creatures vanquished.

Vanquished Creatures (collateral kills)
  Sonja (D:10)
  2 hill giants (D:12)
  2 polar bears (IceCv)
  The ghost of crawlian the Conjurer, an amateur DECj of Vehumet (D:6)
  2 yaks (D:13)
  4 vampire mosquitoes (D:12)
  A soldier ant (D:12)
  An orc warrior (D:12)
  A necrophage (D:11)
  A phantom (D:8)
  A centaur (D:5)
  3 killer bees (D:12)
  3 howler monkeys
  An orc priest (D:12)
  2 orc wizards (D:12)
  A worker ant (D:12)
  4 gnolls (D:3)
  A giant gecko (D:3)
  4 orcs
  A quokka (D:12)
  A jackal skeleton (D:5)
  A kobold (D:12)
39 creatures vanquished.

Vanquished Creatures (others)
  A killer bee (D:12)
  4 polar bears (IceCv)
  A yak (D:13)
  6 wolves (IceCv)
  A gnoll (D:3)
  13 fungi
  2 plants (D:11)
28 creatures vanquished.

Grand Total: 518 creatures vanquished

Notes
Turn   | Place    | Note
--------------------------------------------------------------
     0 | D:1      | M4edhros the Octopode Artificer began the quest for the Orb.
     0 | D:1      | Reached XP level 1. HP: 13/13 MP: 3/3
    94 | D:1      | Reached XP level 2. HP: 8/18 MP: 4/4
   420 | D:1      | Reached XP level 3. HP: 12/23 MP: 5/5
   896 | D:2      | Reached skill level 1 in Slings
   938 | D:2      | Reached XP level 4. HP: 28/28 MP: 6/6
  1032 | D:2      | Found an ancient bone altar of Kikubaaqudgha.
  1049 | D:2      | Reached skill level 5 in Stealth
  1049 | D:2      | Reached XP level 5. HP: 16/33 MP: 7/7
  2140 | D:3      | Reached XP level 6. HP: 22/38 MP: 8/8
  2172 | D:3      | HP: 1/38 [gnoll (8)]
  2803 | D:3      | Found a glowing golden altar of the Shining One.
  2806 | D:3      | Found a shattered altar of Ashenzari.
  2807 | D:3      | Found a sparkling altar of Nemelex Xobeh.
  2807 | D:3      | Found a white marble altar of Elyvilon.
  2812 | D:3      | Found a blossoming altar of Fedhas.
  2941 | D:4      | Reached XP level 7. HP: 28/43 MP: 7/9
  2968 | D:4      | Found a basalt altar of Yredelemnul.
  3895 | D:5      | Entered Level 5 of the Dungeon
  4503 | D:5      | Reached XP level 8. HP: 26/48 MP: 6/10
  4939 | D:6      | Reached skill level 5 in Dodging
  5043 | D:6      | Found a shattered altar of Ashenzari.
  5073 | D:6      | Found a shadowy altar of Dithmenos.
  5142 | D:6      | Noticed crawlian's ghost (amateur DECj)
  5144 | D:6      | Reached skill level 10 in Stealth
  5168 | D:6      | Killed crawlian's ghost
  5429 | D:6      | Reached skill level 5 in Slings
  5768 | D:6      | Reached XP level 9. HP: 33/53 MP: 5/11
  5912 | D:7      | Found a staircase to the Ecumenical Temple.
  5986 | Temple   | Entered the Ecumenical Temple
  6007 | Temple   | Became a worshipper of Xom of Chaos
  6312 | D:7      | XOM: divination: detect creatures
  6356 | D:7      | XOM: potion effect (haste)
  7047 | Temple   | XOM: 5-stop teleportation journey
  7124 | Temple   | XOM: god gift: long fluorescent wand {god gift}
  7443 | Temple   | XOM is BORED!
  7443 | Temple   | XOM: severe Erth miscast
  7664 | Temple   | XOM: cast spell 'Necromutation'
  8614 | Temple   | XOM: give mutations
  8614 | Temple   | Gained mutation: One of your tentacles bears a spike. [Xom's grace]
  8614 | Temple   | Gained mutation: You evolve. [Xom's grace]
  9240 | Temple   | XOM: cast spell 'Statue Form'
  9338 | Temple   | XOM: give mutations
  9338 | Temple   | Gained mutation: You rapidly evolve. [Xom's grace]
  9338 | Temple   | Gained mutation: Your muscles are strong. (Str +2) [Xom's grace]
  9338 | Temple   | Gained mutation: You have supernaturally acute eyesight. [Xom's grace]
  9613 | Temple   | XOM: god gift: 51 gold pieces
  9662 | Temple   | Gained mutation: Your muscles are very strong. (Str +4) [evolution]
  9723 | Temple   | XOM: god gift: 12 royal jellies
  9854 | Temple   | XOM: medium Chrm miscast
  9858 | Temple   | XOM: vitrification
 10173 | Temple   | XOM: god gift: leather armour {god gift}
 10475 | Temple   | XOM: cast spell 'Dragon Form'
 10790 | Temple   | XOM: god gift: 8 silver sling bullets
 10849 | Temple   | XOM: divination: detect items
 11422 | Temple   | XOM: give mutation
 11422 | Temple   | Gained mutation: You are partially covered in molten scales (AC +1). [Xom's grace]
 11440 | Temple   | XOM: god gift: knobbly jewelled rod {god gift}
 11497 | Temple   | Identified a +5 rod of clouds (14/14) (Xom gifted it to you in the Ecumenical Temple)
 11636 | Temple   | XOM: 1-stop teleportation journey
 11902 | Temple   | XOM: 1-stop teleportation journey
 12059 | D:7      | XOM: god gift: 29 stones
 12064 | D:7      | XOM: medium Summ miscast
 12087 | D:7      | XOM: severe Air miscast
 12438 | Temple   | XOM: 2-stop teleportation journey
 13482 | Temple   | XOM is BORED!
 13482 | Temple   | XOM: give mutations
 13482 | Temple   | Gained mutation: Your flesh is heat resistant. [Xom's mischief]
 13482 | Temple   | Lost mutation: Your muscles are very strong. (Str +4) [Xom's mischief]
 13482 | Temple   | Lost mutation: You have supernaturally acute eyesight. [Xom's mischief]
 13986 | Temple   | XOM: god gift: copper ring {god gift}
 14133 | Temple   | XOM: 1-stop teleportation journey
 14331 | Temple   | XOM: divination: detect items
 14718 | Temple   | XOM: cast spell 'Spider Form'
 15656 | Temple   | XOM: 6-stop teleportation journey
 15706 | Temple   | XOM: 6-stop teleportation journey
 16630 | Temple   | XOM: silly message
 17009 | D:7      | XOM: divination: detect creatures
 17221 | D:6      | XOM: mild Erth miscast
 17275 | D:6      | XOM: confuse monster(s)
 17289 | D:6      | XOM: severe Hex miscast
 17292 | D:6      | XOM: polymorph orc warrior -> warg
 17302 | D:6      | XOM: colour smoke trail
 17444 | D:7      | XOM: enchant monster (bad)
 17457 | D:7      | XOM: enchant monster (bad)
 17484 | D:7      | XOM: blink monster(s)
 17488 | D:7      | XOM: harmless Fire miscast
 17551 | D:7      | XOM: blink monster(s)
 17554 | D:7      | XOM: mild Pois miscast
 17575 | D:7      | XOM is BORED!
 17575 | D:7      | XOM: summons 1 hostile demon
 17590 | D:7      | XOM: potion effect (agility)
 17617 | D:7      | XOM: mild Conj miscast
 17694 | D:7      | XOM: confuse monster(s)
 17743 | D:7      | XOM: smoke on damage
 17811 | D:7      | XOM: harmless Divn miscast
 17818 | D:7      | XOM: mild Summ miscast
 17847 | D:7      | XOM: summons 9 friendly demons
 17940 | D:7      | XOM: summons friendly ufetubus
 17970 | D:7      | XOM: harmless Hex miscast
 18196 | D:8      | XOM: blink monster(s)
 18237 | D:8      | Found a sand-covered staircase.
 18242 | Ossuary  | Entered an ossuary
 18270 | Ossuary  | XOM: butterfly on damage
 18271 | Ossuary  | XOM: enchant monster (bad)
 18522 | D:8      | XOM: colour smoke trail
 18674 | D:8      | XOM: harmless Tloc miscast
 18686 | D:8      | XOM: enchant monster (bad)
 18689 | D:8      | XOM: harmless Trmt miscast
 18694 | D:8      | XOM: polymorph something unseen -> black bear
 18722 | D:8      | XOM: polymorph crimson imp -> ufetubus
 18769 | D:8      | XOM: enchant monster (bad)
 18787 | D:8      | XOM: mild Trmt miscast
 18813 | D:8      | XOM: polymorph orc warrior -> worker ant
 18815 | D:8      | XOM: fake destruction
 18819 | D:8      | Reached skill level 1 in Shields
 18830 | D:9      | Reached skill level 2 in Shields
 18969 | D:9      | XOM: 3-stop teleportation journey
 19095 | D:9      | XOM: divination: detect items
 19318 | D:9      | XOM: divination: detect items
 19336 | D:9      | Reached XP level 10. HP: 39/59 MP: 10/12
 19349 | D:9      | Gained mutation: You have very sharp teeth. [evolution]
 19375 | D:9      | XOM: colour smoke trail
 19581 | D:9      | XOM: enchant monster (good)
 19586 | D:9      | Reached skill level 3 in Shields
 19589 | D:9      | XOM: potion effect (agility)
 19595 | D:9      | Reached skill level 4 in Shields
 19802 | D:9      | XOM: divination: detect creatures
 19978 | D:9      | XOM: scenery: create altars
 20149 | D:9      | XOM: enchant monster (good)
 20280 | D:8      | XOM: enchant monster (good)
 20520 | Temple   | XOM: god gift: large opal ring {god gift}
 21064 | Temple   | XOM: divination: detect creatures
 22038 | Temple   | XOM: harmless Pois miscast
 22310 | Temple   | XOM: harmless Necr miscast
 22424 | Temple   | XOM is BORED!
 22424 | Temple   | XOM: harmless Pois miscast
 23071 | Temple   | XOM: harmless Tloc miscast
 23075 | Temple   | XOM: divination: detect creatures
 23215 | Temple   | XOM: harmless Erth miscast
 23447 | Temple   | XOM: harmless Hex miscast
 24514 | D:8      | XOM is BORED!
 24514 | D:8      | XOM: noise
 24532 | D:8      | XOM: cast spell 'Summon Butterflies'
 24561 | D:8      | XOM: harmless Chrm miscast
 24940 | D:8      | XOM: harmless Chrm miscast
 25026 | D:8      | XOM: noise
 25056 | D:8      | XOM: noise
 25089 | D:8      | XOM is BORED!
 25089 | D:8      | XOM: medium Ice miscast
 25202 | D:8      | XOM: mild Ice miscast
 25383 | D:8      | XOM: silly message
 25690 | D:8      | XOM: noise
 25694 | D:8      | Reached skill level 5 in Shields
 25826 | D:8      | Gained mutation: You are partially covered in rough black scales (AC +4, Dex -1). [evolution]
 26074 | D:8      | XOM: noise
 26218 | D:8      | XOM: divination: detect creatures
 26418 | D:8      | XOM: smoke on damage
 26452 | D:8      | XOM: potion effect (invisibility)
 26471 | D:8      | XOM: potion effect (brilliance)
 26623 | D:8      | XOM: enchant monster (good)
 26642 | D:9      | XOM: confuse monster(s)
 26803 | D:9      | XOM: confuse monster(s)
 26879 | D:9      | XOM: mild Tloc miscast
 26997 | D:9      | XOM: harmless Air miscast
 27032 | D:8      | XOM: harmless Necr miscast
 27110 | Temple   | XOM: god gift: meat ration
 27652 | Temple   | XOM: god gift: royal jelly
 27789 | Temple   | XOM: give mutations
 27789 | Temple   | Gained mutation: You are mostly covered in molten scales (AC +3, EV -1). [Xom's grace]
 27789 | Temple   | Gained mutation: You possess an exceptional clarity of mind. [Xom's grace]
 27789 | Temple   | Gained mutation: Your flesh is cold resistant. [Xom's grace]
 28083 | Temple   | XOM: 5-stop teleportation journey
 28151 | Temple   | XOM: 3-stop teleportation journey
 28156 | Temple   | XOM: god gift: stone of tremors
 28267 | Temple   | XOM: god gift: 7 gold pieces
 28306 | Temple   | XOM: silly message
 28954 | D:9      | Reached skill level 6 in Shields
 29036 | D:10     | Entered Level 10 of the Dungeon
 29132 | D:10     | XOM: divination: magic mapping
 29222 | D:10     | XOM: noise
 29276 | D:10     | XOM: mild Trmt miscast
 29280 | D:10     | XOM: summons 4 hostile demons
 29283 | D:10     | XOM: fog
 29303 | D:10     | Noticed Sonja
 29309 | D:10     | Killed Sonja
 29318 | D:10     | XOM: scenery: 1 doors open, 1 doors close
 29420 | D:10     | XOM: harmless Hex miscast
 29652 | D:10     | Gained mutation: Scrolls take you a little longer to read. [mutagenic meat]
 29653 | D:10     | Lost mutation: You have very sharp teeth. [mutagenic meat]
 29654 | D:10     | Gained mutation: You are agile. (Dex +2) [mutagenic meat]
 29656 | D:10     | Gained mutation: Your spells are a little easier to cast, but a little less powerful. [mutagenic meat]
 29845 | D:10     | XOM: summons 5 hostile shadow creatures
 29846 | D:10     | Noticed a hill giant
 29879 | D:10     | XOM: confuse monster(s)
 29942 | D:10     | XOM: silly message
 29961 | D:10     | XOM: mild Necr miscast
 30197 | Temple   | XOM: god gift: polished hat {god gift}
 30198 | Temple   | Got a polished hat {god gift}
 30204 | Temple   | Identified the +3 hat "Riogou" {MR+ Int+4 Slay-3} (Xom gifted it to you in the Ecumenical Temple)
 30215 | Temple   | XOM: harmless Fire miscast
 30226 | Temple   | XOM: give mutations
 30226 | Temple   | Lost mutation: You rapidly evolve. [Xom's mischief]
 30226 | Temple   | Lost mutation: You are agile. (Dex +2) [Xom's mischief]
 31054 | Temple   | XOM: give mutation
 31054 | Temple   | Gained mutation: You are resistant to hostile enchantments. [Xom's grace]
 31350 | Temple   | XOM: cast spell 'Spider Form'
 31731 | Temple   | Gained mutation: You rapidly evolve. [evolution]
 32115 | Temple   | XOM: god gift: 15 gold pieces
 32212 | Temple   | XOM: cast spell 'Necromutation'
 32448 | Temple   | XOM: silly message
 32492 | Temple   | XOM: give mutations
 32492 | Temple   | Gained mutation: You are covered in fur (AC +1). [Xom's grace]
 32492 | Temple   | Gained mutation: You are resistant to electric shocks. [Xom's grace]
 32594 | D:8      | XOM: noise
 32692 | D:8      | XOM: stat loss: -1 Str (11/12)
 32736 | D:8      | XOM: god gift: 5 needles of sleeping
 32738 | D:8      | XOM: cast spell 'Summon Butterflies'
 32768 | D:8      | XOM: silly message
 32907 | D:8      | XOM: harmless Chrm miscast
 32964 | D:8      | XOM: potion effect (brilliance)
 32984 | D:8      | XOM: swap monsters
 33051 | D:8      | XOM: blink monster(s)
 33177 | D:8      | XOM: mild Pois miscast
 33220 | D:8      | XOM: summons friendly iron imp
 33250 | D:8      | Reached skill level 7 in Shields
 33296 | D:8      | XOM: harmless Fire miscast
 33504 | D:10     | XOM: medium Fire miscast
 33692 | D:11     | Found Lexkosua's Gadget Shoppe.
 33951 | D:11     | Noticed a red ugly thing
 33958 | D:11     | XOM: enchant monster (bad)
 33962 | D:11     | Killed a red ugly thing
 33962 | D:11     | Reached XP level 11. HP: 36/63 MP: 5/13
 33978 | D:11     | Lost mutation: One of your tentacles bears a spike. [mutagenic meat]
 34050 | D:11     | Killed an unseen horror
 34050 | D:11     | Reached skill level 8 in Shields
 34081 | D:11     | XOM: summons friendly crimson imp
 34093 | D:11     | Gained mutation: You are agile. (Dex +2) [evolution]
 34336 | D:11     | Noticed Psyche
 34338 | D:11     | XOM: 2-stop teleportation journey
 34339 | D:11     | Noticed a cyclops
 34354 | D:11     | Killed a cyclops
 34354 | D:11     | Reached skill level 9 in Shields
 34386 | D:11     | Lost mutation: Your muscles are strong. (Str +2) [mutagenic meat]
 34387 | D:11     | Lost mutation: You are resistant to electric shocks. [mutagenic meat]
 34434 | D:11     | Found a staircase to the Lair.
 34459 | D:11     | XOM: blink monster(s)
 34467 | D:11     | Killed Psyche
 34587 | D:11     | XOM: noise
 34753 | D:11     | Noticed a hill giant
 34754 | D:11     | XOM: potion effect (haste)
 34765 | D:11     | XOM: harmless Conj miscast
 34781 | D:11     | Noticed a sea snake
 34781 | D:11     | a hill giant changed into a sea snake
 34781 | D:11     | XOM: polymorph hill giant -> sea snake
 34782 | D:11     | XOM: give mutations
 34782 | D:11     | Gained mutation: Your muscles are strong. (Str +2) [Xom's mischief]
 34782 | D:11     | Lost mutation: Scrolls take you a little longer to read. [Xom's mischief]
 34782 | D:11     | Lost mutation: Your spells are a little easier to cast, but a little less powerful. [Xom's mischief]
 34782 | D:11     | Lost mutation: Your flesh is heat resistant. [Xom's mischief]
 34783 | D:11     | XOM: snakes to sticks
 34936 | D:11     | XOM: noise
 34949 | D:11     | XOM: harmless Ice miscast
 35017 | D:11     | XOM: noise
 35020 | D:11     | XOM: butterfly on damage
 35028 | D:11     | XOM: confuse monster(s)
 35160 | D:11     | XOM: enchant monster (good)
 35181 | D:11     | XOM: god gift: scroll of fog
 35330 | D:11     | XOM: cast spell 'Summon Ice Beast'
 35401 | D:11     | XOM: blink monster(s)
 35413 | D:11     | XOM: enchant monster (bad)
 35487 | D:11     | XOM: fog
 35489 | D:11     | XOM: harmless Summ miscast
 35548 | D:11     | XOM: noise
 35762 | D:11     | XOM: harmless Divn miscast
 35770 | D:11     | XOM: blink monster(s)
 35831 | D:11     | XOM: mild Air miscast
 35859 | D:11     | XOM: enchant monster (bad)
 35893 | D:12     | Found Ruvaibbu's General Store.
 35912 | D:12     | XOM: mild Conj miscast
 35924 | D:12     | Bought a bread ration for 65 gold pieces
 35924 | D:12     | Bought a meat ration for 65 gold pieces
 35924 | D:12     | Bought a +2 greatsling of flaming for 507 gold pieces
 35924 | D:12     | Bought a scroll of fear for 45 gold pieces
 35924 | D:12     | Bought 3 curare-tipped needles for 23 gold pieces
 35924 | D:12     | Bought a beef jerky for 19 gold pieces
 35940 | D:12     | Reached skill level 10 in Dodging
 35965 | D:12     | Gained mutation: You passively map a small area around you. [evolution]
 35971 | D:12     | XOM: summons friendly white imp
 35978 | D:12     | Reached skill level 10 in Shields
 35992 | D:12     | XOM: give mutation
 35992 | D:12     | Lost mutation: You are resistant to hostile enchantments. [Xom's mischief]
 36023 | D:12     | Found Wics's Distillery.
 36025 | D:12     | Noticed a deep elf mage
 36063 | D:12     | XOM: enchant monster (good)
 36135 | D:12     | Learned a level 2 spell: Blink
 36139 | D:12     | Learned a level 3 spell: Portal Projectile
 36144 | D:12     | Learned a level 4 spell: Passage of Golubria
 36254 | D:12     | Noticed a hill giant
 36265 | D:12     | Killed a hill giant
 36280 | D:12     | XOM: 1-stop teleportation journey
 36313 | D:12     | Noticed a hill giant
 36320 | D:12     | Killed a hill giant
 36339 | D:12     | Found a frozen archway.
 36349 | IceCv    | Entered an ice cave
 36498 | IceCv    | XOM: noise
 36499 | IceCv    | XOM: summons 3 friendly demons
 36523 | IceCv    | Gained mutation: You are covered in thick fur (AC +2). [evolution]
 36523 | IceCv    | Lost mutation: You rapidly evolve. [end of evolution]
 36627 | IceCv    | XOM: smoke on damage
 36873 | IceCv    | Reached XP level 12. HP: 61/69 MP: 14/14
 37653 | IceCv    | XOM: god gift: crude hunting sling {god gift}
 37654 | IceCv    | Got a crude hunting sling {god gift}
 37655 | IceCv    | Identified the +1 hunting sling of Quujaib {velocity, *Contam rF+ Str+8 Dex-3} (Xom gifted it to you in an ice cave)
 38148 | IceCv    | XOM: god gift: wand of random effects {god gift}
 38531 | IceCv    | XOM: divination: detect creatures
 38797 | IceCv    | XOM: cast spell 'Hydra Form'
 39766 | IceCv    | XOM: 4-stop teleportation journey
 40125 | IceCv    | XOM is BORED!
 40125 | IceCv    | XOM: summons 4 hostile shadow creatures
 40126 | IceCv    | Noticed a frost giant
 40126 | IceCv    | Noticed a frost giant
 40192 | IceCv    | Lost mutation: You possess an exceptional clarity of mind. [mutagenic glow]
 40292 | IceCv    | Reached skill level 11 in Shields
 40394 | IceCv    | XOM: harmless Tloc miscast
 40415 | IceCv    | XOM: divine lightning (protected)
 40418 | IceCv    | XOM: potion effect (berserk rage)
 40665 | IceCv    | Noticed a frost giant
 40665 | IceCv    | Noticed a death yak
 40684 | IceCv    | XOM: cast spell 'Summon Small Mammal'
 40689 | IceCv    | Killed a death yak
 40689 | IceCv    | XOM: divination: detect creatures
 40698 | IceCv    | Killed a frost giant
 40891 | IceCv    | XOM: colour smoke trail
 41122 | D:12     | XOM: butterfly on damage
 41136 | D:12     | Reached skill level 5 in Evocations
 41193 | D:12     | XOM: harmless Pois miscast
 41223 | D:12     | XOM: silly message
 41422 | D:12     | XOM: silly message
 41451 | D:12     | XOM: chaos upgrade
 41511 | D:12     | Found a staircase to the Orcish Mines.
 41599 | D:12     | Noticed an eight-headed hydra
 41601 | D:12     | XOM: confusion (+ monsters)
 41624 | D:12     | Killed an eight-headed hydra
 41866 | D:12     | Bought a scroll of enchant weapon for 97 gold pieces
 41890 | D:11     | XOM: chaos cloud
 41895 | D:11     | Reached skill level 12 in Shields
 41904 | D:11     | XOM: harmless Conj miscast
 41955 | Lair:1   | Entered Level 1 of the Lair of Beasts
 41960 | Lair:1   | Noticed a seven-headed hydra
 41960 | Lair:1   | XOM: summons 2 hostile shadow creatures
 42061 | D:13     | Found Pofu's Quality Used Wands.
 42202 | D:13     | XOM: silly message
 42356 | D:13     | XOM: silly message
 42547 | D:13     | Gained mutation: You are very agile. (Dex +4) [evolution]
 42570 | D:13     | XOM: noise
 42591 | D:13     | XOM: confuse monster(s)
 42611 | D:13     | XOM: enchant monster (good)
 42622 | D:13     | XOM: summons friendly crimson imp
 42627 | D:13     | XOM: enchant monster (good)
 42633 | D:13     | XOM: enchant monster (good)
 42687 | D:13     | XOM: harmless Erth miscast
 42720 | D:13     | XOM: confusion (+ monsters)
 42755 | D:13     | XOM: noise
 42932 | D:7      | XOM: god gift: 3 meat rations
 42985 | Temple   | XOM: give mutations
 42985 | Temple   | Lost mutation: You are very agile. (Dex +4) [Xom's mischief]
 42985 | Temple   | Lost mutation: You are agile. (Dex +2) [Xom's mischief]
 42985 | Temple   | Lost mutation: Your flesh is cold resistant. [Xom's mischief]
 42985 | Temple   | Lost mutation: You evolve. [Xom's mischief]
 43165 | Temple   | XOM: colour smoke trail
 43394 | Temple   | XOM: god gift: halberd {god gift}
 43835 | Temple   | XOM: mild Ice miscast
 44315 | Temple   | XOM: god gift: scroll of fear
 44722 | Temple   | XOM: harmless Necr miscast
 44901 | Temple   | XOM: harmless Erth miscast
 45041 | Temple   | XOM: 8-stop teleportation journey
 45501 | Temple   | XOM: god gift: 49 gold pieces
 45502 | Temple   | XOM: medium Fire miscast
 46240 | Temple   | XOM is BORED!
 46240 | Temple   | XOM: medium Erth miscast
 46308 | Temple   | XOM: harmless Tloc miscast
 46882 | Temple   | XOM is BORED!
 46882 | Temple   | XOM: noise
 47081 | Temple   | XOM: summons 6 hostile demons
 47478 | Temple   | XOM: noise
 47546 | Temple   | XOM: harmless Conj miscast
 47560 | Temple   | XOM: give mutations
 47560 | Temple   | Gained mutation: Your mind is acute. (Int +2) [Xom's grace]
 47560 | Temple   | Gained mutation: Your mind is very acute. (Int +4) [Xom's grace]
 47577 | Temple   | XOM: summons 2 hostile demons
 47782 | Temple   | XOM: god gift: sapphire ring {god gift}
 47892 | Temple   | XOM: vitrification
 48032 | Temple   | XOM: god gift: scale mail {god gift}
 48291 | Temple   | XOM is BORED!
 48291 | Temple   | XOM: draining
 48339 | Temple   | XOM: give mutations
 48339 | Temple   | Gained mutation: Your spells are a little harder to cast, but a little more powerful. [Xom's grace]
 48339 | Temple   | Gained mutation: One of your tentacles bears a spike. [Xom's grace]
 48339 | Temple   | Gained mutation: You have a pair of small antennae on your head. [Xom's grace]
 48339 | Temple   | Gained mutation: You are agile. (Dex +2) [Xom's grace]
 48603 | Temple   | XOM: god gift: box of beasts
 48948 | Temple   | XOM: divination: detect creatures
 49313 | Temple   | XOM: god gift: hardcover book {god gift}
 49837 | Temple   | XOM is BORED!
 49837 | Temple   | XOM: medium Trmt miscast
 49928 | Temple   | XOM: mild Air miscast
 50080 | Temple   | XOM: harmless Fire miscast
 50106 | Temple   | XOM: noise
 51137 | Temple   | XOM is BORED!
 51137 | Temple   | XOM: give mutations
 51137 | Temple   | Lost mutation: You are agile. (Dex +2) [Xom's mischief]
 51137 | Temple   | Lost mutation: Your mind is very acute. (Int +4) [Xom's mischief]
 51190 | Temple   | XOM: harmless Fire miscast
 51945 | Temple   | XOM: noise
 51999 | Temple   | XOM: silly message
 52119 | Temple   | XOM: mild Divn miscast
 52432 | Temple   | XOM: medium Trmt miscast
 52558 | Temple   | XOM: medium Tloc miscast
 52975 | Temple   | XOM: stat loss: -1 Str (15/16)
 53183 | Temple   | XOM: draining
 53644 | Temple   | XOM: summons 6 hostile demons
 53645 | Temple   | Noticed a soul eater
 54379 | Temple   | XOM: mild Pois miscast
 54477 | Temple   | XOM: cast spell 'Summon Butterflies'
 54567 | Temple   | XOM: give mutations
 54567 | Temple   | Lost mutation: One of your tentacles bears a spike. [Xom's mischief]
 54567 | Temple   | Lost mutation: Your mind is acute. (Int +2) [Xom's mischief]
 54662 | Temple   | XOM: god gift: 15 stones
 54967 | Temple   | XOM: give mutations
 54967 | Temple   | Gained mutation: You are resistant to hostile enchantments. [Xom's grace]
 54967 | Temple   | Gained mutation: You are agile. (Dex +2) [Xom's grace]
 54967 | Temple   | Gained mutation: Your mind is acute. (Int +2) [Xom's grace]
 55113 | Temple   | XOM: god gift: 19 arrows of flame
 55168 | Temple   | XOM: 3-stop teleportation journey
 55283 | Temple   | XOM: give mutations
 55283 | Temple   | Gained mutation: You have supernaturally acute eyesight. [Xom's grace]
 55283 | Temple   | Gained mutation: Your thick and shaggy fur keeps you warm (AC +3, rC+). [Xom's grace]
 55283 | Temple   | Gained mutation: Your flesh is heat resistant. [Xom's grace]
 55283 | Temple   | Gained mutation: You are somewhat resistant to further mutation. [Xom's grace]
 55462 | Temple   | XOM: give mutations
 55462 | Temple   | Gained mutation: Your mind is very acute. (Int +4) [Xom's grace]
 55462 | Temple   | Gained mutation: You are very agile. (Dex +4) [Xom's grace]
 55462 | Temple   | Gained mutation: One of your tentacles bears a spike. [Xom's grace]
 55462 | Temple   | Gained mutation: Your system is resistant to poisons. [Xom's grace]
 55511 | Temple   | XOM: god gift: opal ring {god gift}
 55608 | Temple   | XOM: give mutations
 55608 | Temple   | Gained mutation: You are robust (+10% HP). [Xom's grace]
 55608 | Temple   | Gained mutation: One of your tentacles bears a nasty spike. [Xom's grace]
 55608 | Temple   | Gained mutation: Your muscles are very strong. (Str +4) [Xom's grace]
 55608 | Temple   | Gained mutation: Your flesh is very heat resistant. [Xom's grace]
 55629 | Temple   | XOM: give mutations
 55629 | Temple   | Gained mutation: One of your tentacles bears a large vicious spike. [Xom's grace]
 55629 | Temple   | Gained mutation: You have a pair of antennae on your head. [Xom's grace]
 55629 | Temple   | Gained mutation: Your spells are harder to cast, but more powerful. [Xom's grace]
 55629 | Temple   | Gained mutation: You have a pair of large antennae on your head (SInv). [Xom's grace]
 55720 | Temple   | XOM: colour smoke trail
 55871 | Temple   | XOM: silly message
 56128 | Temple   | XOM: summons 4 hostile demons
 56769 | Temple   | XOM: give mutations
 56769 | Temple   | Lost mutation: Your mind is very acute. (Int +4) [Xom's mischief]
 56769 | Temple   | Lost mutation: Your system is resistant to poisons. [Xom's mischief]
 56769 | Temple   | Lost mutation: You are very agile. (Dex +4) [Xom's mischief]
 56850 | Temple   | XOM: summons 2 hostile demons
 56863 | D:7      | XOM: give mutations
 56863 | D:7      | Lost mutation: You are resistant to hostile enchantments. [Xom's mischief]
 56863 | D:7      | Lost mutation: Your flesh is very heat resistant. [Xom's mischief]
 56863 | D:7      | Lost mutation: One of your tentacles bears a large vicious spike. [Xom's mischief]
 56863 | D:7      | Lost mutation: Your muscles are very strong. (Str +4) [Xom's mischief]
 56876 | Temple   | XOM is BORED!
 56876 | Temple   | XOM: summons 1 hostile demon
 57220 | Temple   | XOM: medium Pois miscast
 57403 | Temple   | XOM: give mutations
 57403 | Temple   | Lost mutation: You are somewhat resistant to further mutation. [Xom's mischief]
 57403 | Temple   | Lost mutation: Your mind is acute. (Int +2) [Xom's mischief]
 57403 | Temple   | Lost mutation: You are agile. (Dex +2) [Xom's mischief]
 57403 | Temple   | Lost mutation: You have supernaturally acute eyesight. [Xom's mischief]
 57841 | Temple   | XOM: mild Erth miscast
 57951 | Temple   | XOM: give mutations
 57951 | Temple   | Lost mutation: Your muscles are strong. (Str +2) [Xom's mischief]
 57951 | Temple   | Lost mutation: Your thick and shaggy fur keeps you warm (AC +3, rC+). [Xom's mischief]
 58179 | Temple   | XOM: torment (39/75 hp)
 58284 | Temple   | XOM: medium Pois miscast
 58495 | Temple   | XOM: silly message
 58501 | Temple   | XOM: god gift: 4 meat rations
 58633 | Temple   | XOM: mild Conj miscast
 58957 | Temple   | XOM: cast spell 'Hydra Form'
 59790 | Temple   | XOM: divination: detect creatures
 60304 | Temple   | XOM: cast spell 'Hydra Form'
 60451 | Temple   | XOM is BORED!
 60451 | Temple   | XOM: medium Ice miscast
 60577 | Temple   | XOM: 5-stop teleportation journey
 60732 | Temple   | XOM: give mutations
 60732 | Temple   | Gained mutation: You possess an exceptional clarity of mind. [Xom's grace]
 60732 | Temple   | Gained mutation: Your spells are much harder to cast, but much more powerful. [Xom's grace]
 60732 | Temple   | Gained mutation: Your mind is acute. (Int +2) [Xom's grace]
 60732 | Temple   | Gained mutation: Your natural rate of healing is unusually fast. [Xom's grace]
 60788 | Temple   | XOM: god gift: marble ring {god gift}
 60849 | Temple   | XOM: mild Conj miscast
 61665 | Temple   | XOM: give mutation
 61665 | Temple   | Lost mutation: You are mostly covered in molten scales (AC +3, EV -1). [Xom's mischief]
 61705 | Temple   | XOM: summons 6 hostile demons
 61790 | D:7      | XOM: colour smoke trail
 62429 | Temple   | XOM: god gift: scroll labeled BISEUS HUNIHE
 62447 | Temple   | XOM: god gift: tubular onyx ring {god gift}
 62537 | Temple   | XOM: give mutations
 62537 | Temple   | Gained mutation: Your thick and shaggy fur keeps you warm (AC +3, rC+). [Xom's grace]
 62537 | Temple   | Gained mutation: Your muscles are strong. (Str +2) [Xom's grace]
 62537 | Temple   | Gained mutation: You are resistant to hostile enchantments. [Xom's grace]
 62537 | Temple   | Gained mutation: Your skin blends seamlessly with your surroundings (Stealth). [Xom's grace]
 62931 | Temple   | XOM: give mutations
 62931 | Temple   | Lost mutation: You are robust (+10% HP). [Xom's mischief]
 62931 | Temple   | Lost mutation: Your mind is acute. (Int +2) [Xom's mischief]
 63192 | Temple   | XOM is BORED!
 63192 | Temple   | XOM: mild Chrm miscast
 63495 | Temple   | XOM: harmless Ice miscast
 63561 | Temple   | XOM: 6-stop teleportation journey
 63970 | Temple   | XOM: harmless Summ miscast
 64014 | Temple   | XOM: harmless Air miscast
 64133 | Temple   | XOM: mild Conj miscast
 64161 | Temple   | XOM: medium Pois miscast
 64691 | Temple   | XOM: cast spell 'Summon Butterflies'
 64701 | Temple   | XOM is BORED!
 64701 | Temple   | XOM: noise
 65384 | Temple   | XOM: god gift: scroll of fear
 65412 | Temple   | XOM: harmless Ice miscast
 65425 | Temple   | XOM: give mutation
 65425 | Temple   | Gained mutation: Your muscles are very strong. (Str +4) [Xom's grace]
 66684 | Temple   | XOM is BORED!
 66684 | Temple   | XOM: medium Air miscast
 66807 | Temple   | XOM: give mutations
 66807 | Temple   | Gained mutation: You are partially covered in rugged brown scales (AC +1, +3% HP). [Xom's grace]
 66807 | Temple   | Gained mutation: You can translocate small distances at will. [Xom's grace]
 66996 | Temple   | XOM: divination: detect creatures
 67109 | Temple   | XOM: give mutations
 67109 | Temple   | Gained mutation: You have an increased reservoir of magic (+10% MP). [Xom's grace]
 67109 | Temple   | Gained mutation: Your system is resistant to poisons. [Xom's grace]
 67109 | Temple   | Gained mutation: One of your tentacles bears a large vicious spike. [Xom's grace]
 67187 | Temple   | XOM: god gift: sack of spiders
 67274 | Temple   | XOM: give mutations
 67274 | Temple   | Gained mutation: You are agile. (Dex +2) [Xom's grace]
 67274 | Temple   | Gained mutation: You are highly resistant to hostile enchantments. [Xom's grace]
 67274 | Temple   | Gained mutation: You are somewhat resistant to further mutation. [Xom's grace]
 67274 | Temple   | Lost mutation: You are somewhat resistant to further mutation. [Xom's grace]
 67274 | Temple   | Gained mutation: You evolve. [Xom's grace]
 67285 | Temple   | XOM: god gift: copper wand {god gift}
 67298 | Temple   | XOM: god gift: slice of pizza
 67710 | Temple   | XOM is BORED!
 67710 | Temple   | XOM: medium Trmt miscast
 68507 | Temple   | XOM: divination: detect creatures
 68624 | Temple   | XOM: vitrification
 68630 | Temple   | XOM: god gift: runed hand crossbow {god gift}
 68854 | Temple   | XOM: give mutations
 68854 | Temple   | Lost mutation: You passively map a small area around you. [Xom's mischief]
 68854 | Temple   | Lost mutation: Your muscles are very strong. (Str +4) [Xom's mischief]
 68854 | Temple   | Lost mutation: Your natural rate of healing is unusually fast. [Xom's mischief]
 69233 | Temple   | XOM: medium Trmt miscast
 69285 | Temple   | XOM: colour smoke trail
 69461 | Temple   | XOM: summons 6 hostile demons
 69529 | Temple   | XOM: 8-stop teleportation journey
 70418 | Temple   | XOM: harmless Divn miscast
 70538 | Temple   | XOM: god gift: wooden wand {god gift}
 70588 | Temple   | XOM: divination: detect creatures
 70782 | Temple   | XOM: give mutations
 70782 | Temple   | Lost mutation: You are agile. (Dex +2) [Xom's mischief]
 70782 | Temple   | Lost mutation: Your spells are much harder to cast, but much more powerful. [Xom's mischief]
 70782 | Temple   | Lost mutation: Your thick and shaggy fur keeps you warm (AC +3, rC+). [Xom's mischief]
 70883 | Temple   | XOM is BORED!
 70883 | Temple   | XOM: summons 6 hostile demons
 71067 | Temple   | XOM: god gift: potion of brilliance
 71175 | Temple   | XOM: god gift: 6 sling bullets of frost
 71299 | Temple   | XOM: colour smoke trail
 71783 | Temple   | XOM: god gift: lantern of shadows
 71877 | Temple   | XOM: vitrification
 71897 | Temple   | XOM: give mutations
 71897 | Temple   | Lost mutation: Your muscles are strong. (Str +2) [Xom's mischief]
 71897 | Temple   | Lost mutation: You possess an exceptional clarity of mind. [Xom's mischief]
 71898 | Temple   | XOM: colour smoke trail
 72084 | Temple   | XOM: noise
 72568 | Temple   | XOM: colour smoke trail
 72938 | Temple   | XOM: give mutations
 72938 | Temple   | Lost mutation: One of your tentacles bears a large vicious spike. [Xom's mischief]
 72938 | Temple   | Lost mutation: Your spells are harder to cast, but more powerful. [Xom's mischief]
 73674 | Temple   | XOM: god gift: potion of curing
 73735 | Temple   | XOM: 4-stop teleportation journey
 73797 | Temple   | XOM: harmless Summ miscast
 74363 | Temple   | XOM: divination: detect creatures
 74546 | Temple   | XOM: colour smoke trail
 74930 | Temple   | XOM: god gift: battleaxe {god gift}
 74959 | Temple   | XOM is BORED!
 74959 | Temple   | XOM: give mutation
 74959 | Temple   | Lost mutation: One of your tentacles bears a nasty spike. [Xom's mischief]
 75414 | Temple   | XOM: god gift: runed buckler {god gift}
 75589 | Temple   | XOM: god gift: trident {god gift}
 75625 | Temple   | XOM: 1-stop teleportation journey
 75971 | Temple   | XOM: cast spell 'Summon Butterflies'
 76739 | Temple   | XOM: god gift: 20 sling bullets of flame
 76929 | Temple   | XOM: 5-stop teleportation journey
 76979 | Temple   | XOM: give mutation
 76979 | Temple   | Lost mutation: Your spells are a little harder to cast, but a little more powerful. [Xom's mischief]
 77147 | Temple   | XOM: mild Fire miscast
 77266 | Temple   | XOM: noise
 77420 | Temple   | XOM: mild Hex miscast
 77646 | Temple   | XOM: give mutations
 77646 | Temple   | Lost mutation: You evolve. [Xom's mischief]
 77646 | Temple   | Lost mutation: One of your tentacles bears a spike. [Xom's mischief]
 77646 | Temple   | Lost mutation: You are partially covered in molten scales (AC +1). [Xom's mischief]
 77646 | Temple   | Lost mutation: You are highly resistant to hostile enchantments. [Xom's mischief]
 77797 | Temple   | XOM: stat loss: -1 Int (18/19)
 78322 | Temple   | XOM: noise
 78828 | Temple   | XOM: 2-stop teleportation journey
 78961 | Temple   | XOM: colour smoke trail
 79079 | Temple   | XOM is BORED!
 79079 | Temple   | XOM: medium Necr miscast
 79361 | Temple   | XOM: god gift: scroll of fear
 79469 | Temple   | XOM: cast spell 'Necromutation'
 79850 | Temple   | XOM: mild Hex miscast
 80019 | Temple   | XOM: colour smoke trail
 80134 | Temple   | XOM: god gift: bread ration
 80510 | Temple   | XOM: noise
 80699 | Temple   | XOM: harmless Tloc miscast
 80847 | Temple   | XOM: silly message
 81381 | Temple   | XOM: divination: detect items
 81662 | Temple   | XOM: mild Chrm miscast
 82087 | Temple   | XOM: harmless Necr miscast
 82185 | Temple   | XOM: harmless Necr miscast
 82204 | Temple   | XOM: divination: magic mapping
 82318 | D:7      | XOM: cast spell 'Summon Butterflies'
 82421 | Lair:1   | XOM: noise
 82429 | Lair:1   | XOM: divination: magic mapping
 82437 | Lair:1   | XOM: harmless Ice miscast
 82441 | Lair:1   | Killed a seven-headed hydra
 82441 | Lair:1   | Reached XP level 13. HP: 69/75 MP: 19/19
 82541 | Lair:1   | XOM: noise
 82585 | Lair:1   | XOM: confusion
 82679 | Lair:1   | Noticed Grum
 82688 | Lair:1   | XOM: give mutations
 82688 | Lair:1   | Lost mutation: Your system is resistant to poisons. [Xom's mischief]
 82688 | Lair:1   | Lost mutation: You are resistant to hostile enchantments. [Xom's mischief]
 82688 | Lair:1   | Lost mutation: You are partially covered in rugged brown scales (AC +1, +3% HP). [Xom's mischief]
 82688 | Lair:1   | Gained mutation: You evolve. [Xom's mischief]
 82706 | Lair:1   | Killed Grum
 82817 | Lair:1   | XOM: give mutations
 82817 | Lair:1   | Lost mutation: You evolve. [Xom's mischief]
 82817 | Lair:1   | Lost mutation: You are partially covered in rough black scales (AC +4, Dex -1). [Xom's mischief]
 82916 | Lair:1   | XOM: severe Conj miscast
 83175 | Lair:1   | XOM: give mutations
 83175 | Lair:1   | Gained mutation: You are frail (-10% HP). [Xom's mischief]
 83175 | Lair:1   | Gained mutation: You are very frail (-20% HP). [Xom's mischief]
 83175 | Lair:1   | Gained mutation: You are extremely frail (-30% HP). [Xom's mischief]
 83199 | Lair:1   | Slain by a komodo dragon

Vault maps used:
D:1:      dpeg_arrival_round_a, dk_noncrumbling_3
D:2:      kennysheep_vampire_church, first_bread
D:3:      minitemple
D:4:      yredelemnul_forgotten_temple_becter
D:6:      marbit_many_paths, cheibrodos_ashenzari_chains
D:7:      minmay_temple_entry_mist, the_bakery
D:8:      nicolae_ossuary_entry_plus
D:10:     uniq_sonja
D:11:     due_lair_maze_entry_diamond, serial_glass, glass_columns_a,
          glass_columns_c, glass_columns_a, glass_columns_a, glass_columns_a,
          glass_columns_b, glass_columns_c, glass_columns_a,
          due_unseen_surprise, serial_shops, shop, minmay_misc_feat_rows,
          uniq_psyche
D:12:     erik_orc_1, serial_shops, shop, shop,
          portal_ice_cave_entry_pillars_01, grunt_ministairs_9
D:13:     nicolae_for_you_no_charge
Temple:   circular_temple_12
Lair:1:   grunt_megastairs_3, uniq_grum
Ossuary:  ossuary_due_mausoleum
IceCv:    ice_cave_caverns_03

Skill      XL: |  1  2  3  4  5  6  7  8  9 10 11 12 13 |
---------------+----------------------------------------+-----
Stealth        | 2 3 4 5 6 7 9 11 | 11.5
Slings         | 1 2 3 5 7 8 9 |  9.6
Dodging        | 3 4 5 7 9 10 11 | 11.4
Shields        | 2 7 10 12 | 12.3
Evocations     | 6 7 |  7.5
Fighting       | |  1.6
Short Blades   | |  1.0

Action                   |  1- 3 |  4- 6 |  7- 9 | 10-12 | 13-15 || total
-------------------------+-------+-------+-------+-------+-------++-------
Melee: Short sword       |    74 |    87 |       |       |       ||   161
       Halberd           |       |    26 |   146 |       |       ||   172
       Trident           |       |       |   203 |   510 |     6 ||   719
       Greatsling        |       |       |       |     3 |       ||     3
 Fire: Hunting sling     |       |       |     4 |    26 |       ||    30
       Greatsling        |       |       |       |   448 |   136 ||   584
       Blowgun           |       |       |       |     3 |       ||     3
Throw: Stone             |       |       |     1 |       |       ||     1
       Throwing net      |       |       |     1 |       |       ||     1
       Javelin           |       |       |       |     4 |       ||     4
Evoke: Wand              |       |     9 |     9 |    13 |     9 ||    40
       Rod               |       |       |     1 |    16 |       ||    17
       Stone of tremors  |       |       |       |     2 |       ||     2
       Box of beasts     |       |       |       |     1 |       ||     1
  Use: Potion            |     1 |     2 |     7 |     5 |     1 ||    16
       Scroll            |       |       |    18 |    22 |       ||    40
 Stab: Sleeping          |     4 |    16 |    21 |     5 |       ||    46
       Distracted        |       |     1 |     1 |     3 |       ||     5
       Confused          |       |       |     1 |     8 |       ||     9
  Eat: Chunk             |       |     7 |    24 |    52 |     2 ||    85
       Royal jelly       |       |       |     6 |     7 |       ||    13
       Meat ration       |       |       |     2 |    15 |       ||    17
       Pizza             |       |       |     2 |     2 |       ||     4
       Beef jerky        |       |       |     1 |     3 |       ||     4
       Fruit             |       |       |       |     5 |       ||     5
       Bread ration      |       |       |       |    15 |       ||    15
